AoeStats
← CHAO NGAY MOI

Golden Pit

509866246Analyzed
1v1 RM · 2d ago on Sep 28, 2026· 54m 4s· 2 players
Game mode
Random Map
Map size
Tiny (2 player)
Population
200
Speed
Normal
Resources
Standard
Victory
Conquest
Starting age
Dark Age
Ending age
Imperial Age
RankedLock teamsTeams togetherTeam positionsShared explorationLock speedFull tech treeHidden civsTurbo modeCheats
Victory
Defeat
🇭🇰 Celts · Hong Kong SAR China
867
+16
🇯🇵 Koreans · Japan
867
-16
CHAO NGAY MOI
8:28 Loom
10:13 Feudal Age
13:32 Wheelbarrow
13:55 Double-Bit Axe
13:53 Horse Collar
20:10 Castle Age
23:32 Pikeman
24:13 Squires
26:43 Heavy Plow
26:56 Bow Saw
26:39 Gold Mining
27:56 Forging
27:47 Scale Mail Armor
30:33 Arson
31:29 Iron Casting
31:10 Chain Mail Armor
36:20 Imperial Age
34:07 Hand Cart
34:54 Town Watch
36:51 Gold Shaft Mining
36:11 Stone Mining
36:46 Town Patrol
36:40 Fletching
37:52 Elite Fire Lancer
39:05 Plate Mail Armor
39:03 Conscription
45:03 Chemistry
44:24 Ballistics
44:27 Bodkin Arrow
45:25 Bracer
45:42 Thumb Ring
45:20 Pikeman
46:21 Halberdier
48:39 Two-Man Saw
tommyhk
7:44 Loom
11:54 Feudal Age
13:49 Double-Bit Axe
14:48 Horse Collar
16:02 Wheelbarrow
23:16 Castle Age
24:23 Hand Cart
23:52 Light Cavalry
25:23 Bow Saw
25:16 Heavy Plow
26:58 Gold Mining
26:58 Stone Mining
27:44 Gold Mining
30:08 Forging
29:59 Scale Mail Armor
34:37 Imperial Age
33:15 Stone Shaft Mining
34:05 Iron Casting
35:07 Chain Mail Armor
36:06 Town Watch
38:17 Blast Furnace
37:48 Plate Mail Armor
38:23 Chemistry
37:22 Murder Holes
37:42 Elite Woad Raider
39:36 Heavy Scorpion
41:24 Stronghold
43:38 Hoardings
43:30 Siege Engineers
50:39 Gold Shaft Mining
52:01 Chemistry
51:21 Ballistics
51:01 Arson
Connection lost

Rejoining the realm…

Still unreachable

The connection could not be restored.

Session expired

The server has moved on; the page needs a fresh start.